 Dungeon Crawl Stone Soup version 0.28-a0-1347-g113dc556a4 (webtiles) character file.

Game seed: 3914240448313834443

39 pokeman the Magician (level 3, -6/20 HPs)
             Began as a Deep Elf Hedge Wizard on Dec 29, 2021.
             Mangled by Sigmund (16 damage)
             ... on level 2 of the Dungeon.
             The game lasted 00:03:18 (2062 turns).

pokeman the Magician (Deep Elf Hedge Wizard)        Turns: 2062, Time: 00:03:19

Health: -6/20      AC:  2    Str:  7    XL:     3   Next: 28%
Magic:  6/11       EV: 12    Int: 20    God:
Gold:   40         SH:  0    Dex: 14    Spells: 1/12 levels left

rFire   . . .      SeeInvis .   a - +4 trident of Jilebaq {pain, rElec rPois Will- rCorr}
rCold   + . .      Faith    .   (no shield)
rNeg    . . .      Spirit   .   b - +0 robe
rPois   +          Reflect  .   c - +0 hat
rElec   +          Harm     .   (no cloak)
rCorr   +          Rampage  .   (no gloves)
Will    .....                   (no boots)
Stlth   ++........              (no amulet)
HPRegen 0.06/turn               i - ring of protection from cold
MPRegen 0.12/turn               (no ring)

@: no status effects
A: no striking features
a: no special abilities


You were on level 2 of the Dungeon.
You visited 1 branch of the dungeon, and saw 2 of its levels.

You collected 40 gold pieces.

Inventory:

Hand Weapons
 a - the +4 trident of Jilebaq (weapon) {pain, rElec rPois Will- rCorr}
   (You found it on level 2 of the Dungeon)

   In the hands of one skilled in necromantic magic, it inflicts extra damage on
   living creatures.
   rElec:     It insulates you from electricity.
   rPois:     It protects you from poison.
   rCorr:     It protects you from acid and corrosion.
   Will:      It decreases your willpower.
 n - a +4 dagger
Missiles
 k - 20 arrows
Armour
 b - a +0 robe (worn)
 c - a +0 hat (worn)
Jewellery
 i - a ring of protection from cold (left hand)
Scrolls
 d - a scroll of brand weapon {unknown}
 f - a scroll of vulnerability {unknown}
 g - 3 scrolls of identify {unknown}
 l - a scroll of acquirement {unknown}
 m - a scroll of magic mapping {unknown}
Potions
 e - a potion of experience {unknown}
 h - a potion of resistance {unknown}
 j - a potion of lignification {unknown}


   Skills:
 + Level 0.8 Fighting
 + Level 1.0 Armour
 - Level 2.4 Dodging
 - Level 2.4 Stealth
 * Level 5.1 Spellcasting
 + Level 1.8 Conjurations
 - Level 1.1 Summonings
 - Level 1.1 Translocations


You had one spell level left.
You knew the following spells:

 Your Spells              Type           Power      Damage    Failure   Level
a - Magic Dart            Conj           48%        1d5       5%          1
b - Mephitic Cloud        Conj/Pois/Air  7%         N/A       26%         3
c - Call Imp              Summ           9%         N/A       11%         2
d - Blink                 Tloc           18%        N/A       11%         2
e - Conjure Flame         Conj/Fire      8%         6-21      24%         3

Your spell library contained the following spells:

 Spells                   Type           Power      Damage    Failure   Level
 Slow                     Hex            20%        N/A       12%         1


Dungeon Overview and Level Annotations

Branches:
Dungeon (2/15)

Altars:
Zin

Shops:
D:1 *

Annotations:
D:2 Sigmund


Message History

Casting: Magic Dart (safe; 5% risk of failure)
Confirm with . or Enter, or press ? or * to list all spells.
Aiming: Magic Dart (safe; 5% risk of failure)
Press: ? - help, Shift-Dir - straight line, f/p - frilled lizard
Aim: a frilled lizard (moderately wounded, 100% to hit)
The magic dart hits the frilled lizard.
You kill the frilled lizard!
Your Armour skill increases to level 1!
You see here a +0 club.
Sigmund the Dreaded comes into view.
He is wielding a +1 scythe of distortion.
Found a runed orb.
Casting: Magic Dart (safe; 5% risk of failure)
Confirm with . or Enter, or press ? or * to list all spells.
The spell is extremely dangerous to miscast (24% risk of failure)!
Continue anyway?
The fire begins to smoulder!
The fire ignites!
What are your orders? t - Shout!
Orders for allies: a - Attack new target. r - Retreat! s - Stop attacking. g - Guard the area. f - Follow me.
Anything else - Cancel.
You shout for attention!
You hear a shout!
Casting: Conjure Flame (extremely dangerous; 24% risk of failure)
Confirm with . or Enter, or press ? or * to list all spells.
The spell is extremely dangerous to miscast (26% risk of failure)!
Continue anyway?
Aiming: Mephitic Cloud (extremely dangerous; 26% risk of failure)
Press: ? - help, Shift-Dir - straight line, f - Sigmund
Aim: Sigmund, wielding a +1 scythe of distortion and wearing a +0 robe (chance to affect: 86%)
The ball explodes into a vile cloud!
The stinking cloud engulfs Sigmund but does no damage.
Unknown command.
Unknown command.
Sigmund is engulfed in noxious fumes.
Sigmund is engulfed in blazing flames.
Sigmund hits you with a +1 scythe of distortion!
Ouch! That really hurt!
Space warps horribly around you!
Ouch! That really hurt!
You die...

..................... #
#...................
.#.#............#######
.............#........
......................
#.#.#.).#.#.#........ .
#.#.#.#..........#
#.#.#.##...#.....#
#@#.#....._#..##.#
#@#.###.⌠..##.##.#
#@..○.....# #..#.#
#.[.°○..#.# #.#.#
#.......# #...#
#.......# #..†
#.......# #.##
###.##### ####..# #.
#......


You could see Sigmund.

Vanquished Creatures
  An adder (D:2)
  A ball python (D:1)
  5 bats
  2 endoplasms (D:1)
  3 goblins
  4 hobgoblins
  4 jackals
  3 kobolds
  3 frilled lizards
  2 rats (D:1)
28 creatures vanquished.

Notes
Turn   | Place    | Note
-------+----------+-------------------------------------------
     0 | D:1      | pokeman the Deep Elf Hedge Wizard began the quest for the
                  | Orb.
     0 | D:1      | Reached XP level 1. HP: 10/10 MP: 7/7
   110 | D:1      | Found Foweas's General Store.
   452 | D:1      | Reached XP level 2. HP: 16/16 MP: 0/9
  1486 | D:2      | Reached skill level 5 in Spellcasting
  1730 | D:2      | Reached XP level 3. HP: 20/20 MP: 8/11
  1734 | D:2      | Learned a level 3 spell: Mephitic Cloud
  1737 | D:2      | Learned a level 2 spell: Call Imp
  1740 | D:2      | Learned a level 2 spell: Blink
  1744 | D:2      | Learned a level 3 spell: Conjure Flame
  1757 | D:2      | Found a glowing silver altar of Zin.
  1807 | D:2      | Identified the +4 trident of Jilebaq {pain, rElec rPois
                  | Will- rCorr}
  2015 | D:2      | Found a faded altar of an unknown god.
  2034 | D:2      | Reached skill level 1 in Armour
  2054 | D:2      | Noticed Sigmund
  2062 | D:2      | Mangled by Sigmund

Illustrated notes

Levels and vault maps discovered:
D:1:      dpeg_arrival_round_c, layout_basic, serial_shops, shop,
          interstate_on_off, grunt_decor_arrowhead
D:2:      layout_basic, ebering_ecumenical_altar_abandoned, basic_altar,
          uniq_sigmund, uniq_terence

Skill      XL: |  1  2  3 |
---------------+----------+-----
Spellcasting   | 5 |  5.1
Armour         | 1 |  1.0
Fighting       | |  0.8
Dodging        | |  2.4
Stealth        | |  2.4
Conjurations   | |  1.8
Summonings     | |  1.1
Translocations | |  1.1

Action                   || total
-------------------------++-------
Melee: Dagger            ||     1
 Cast: Magic Dart        ||    79
       Conjure Flame     ||     1
       Mephitic Cloud    ||     1
 Stab: Sleeping          ||     1
Armor: Robe              ||    11
Dodge: Dodged            ||    12

Table legend: (Time is in decaauts)
 A = Elapsed time spent in this place.
 B = Non-inter-level travel time spent in this place.
 C = Inter-level travel time spent in this place.
 D = Time resting spent in this place.
 E = Time spent auto-exploring this place.
 F = Levels seen in this place.
 G = Mean time per level.
                   A        B        C        D        E       F      G
               +--------+--------+--------+--------+--------+-----+--------+
         Total |   2060 |   2032 |     28 |      0 |   1831 |   2 | 1030.0 |
       Dungeon |   2060 |   2032 |     28 |      0 |   1831 |   2 | 1030.0 |
               +--------+--------+--------+--------+--------+-----+--------+

Top non-repeatable levels by time:
     D:1: 1482 daAuts
     D:2: 577 daAuts
